 Dungeon Crawl Stone Soup version 0.24-a0-537-g2d01d4ab0a (webtiles) character file.

Game seed: 7936406810287163516

3124 Gynju the Covert (level 9, -7/39 HPs)
             Began as a Spriggan Enchanter on Aug 14, 2019.
             Was an Initiate of Kikubaaqudgha.
             Shot with an arrow by a centaur (11 damage)
             ... on level 8 of the Dungeon.
             The game lasted 00:16:06 (9745 turns).

Gynju the Covert (Spriggan Enchanter)               Turns: 9745, Time: 00:16:07

Health: -7/39      AC:  5    Str:  4    XL:     9   Next: 60%
Magic:  18/21      EV: 18    Int: 19    God:    Kikubaaqudgha [......]
Gold:   444        SH:  0    Dex: 19    Spells: 8/23 levels left

rFire    . . .     SeeInvis +   z - +10 rapier of Midsummer {venom, rPois rF- Dex+2}
rCold    x . .     Gourm    .   (shield restricted)
rNeg     . . .     Faith    .   b - +0 robe
rPois    +         Spirit   .   (helmet restricted)
rElec    .         Reflect  .   e - +2 cloak
rCorr    .         Harm     .   (gloves unavailable)
MR       ++...                  (boots unavailable)
Stlth    ++++++....             (no amulet)
HPRegen  0.13/turn              f - ring of protection from magic
MPRegen  0.17/turn              k - ring of fire

@: marked, very quick
A: very small, unfitting armour, see invisible, herbivore, speed 3, slow
metabolism 2
a: Renounce Religion


You were on level 8 of the Dungeon.
You worshipped Kikubaaqudgha.
Kikubaaqudgha was noncommittal.
You were hungry.

You visited 2 branches of the dungeon, and saw 9 of its levels.

You collected 444 gold pieces.

Inventory:

Hand Weapons
 y - a +0 rapier
 z - the +10 rapier of Midsummer (weapon) {venom, rPois rF- Dex+2}
   (You found it on level 6 of the Dungeon)

   It poisons the flesh of those it strikes.
   It affects your dexterity (+2).
   It makes you vulnerable to fire.
   It protects you from poison.
Missiles
 i - 3 poisoned darts (quivered)
 s - 7 curare-tipped darts
Armour
 b - a +0 robe (worn)
 e - a +2 cloak (worn)
Jewellery
 f - a ring of protection from magic (left hand)
 g - an uncursed ring of poison resistance
 k - a ring of fire (right hand)
Wands
 o - a wand of enslavement (9)
 C - a wand of random effects (8)
Scrolls
 a - 2 scrolls of identify
 l - a scroll of blinking
 u - a scroll of magic mapping {unknown}
 v - a scroll of enchant armour
 w - a scroll of teleportation
 A - 2 scrolls of remove curse
 D - a scroll of fear
Potions
 c - 4 potions of curing
 h - a potion of haste
 j - 4 potions of agility {unknown}
 m - a potion of resistance
 n - a potion of heal wounds
 p - a potion of magic {unknown}
 q - a potion of degeneration {unknown}
 r - 2 potions of lignification {unknown}
 t - a potion of might {unknown}
 x - a potion of cancellation {unknown}
 B - a potion of ambrosia {unknown}
Comestibles
 d - 8 rations


   Skills:
 - Level 1.1 Short Blades
 - Level 3.0 Dodging
 + Level 12.8 Stealth
 + Level 7.6 Spellcasting
 * Level 10.6 Hexes
 * Level 2.8 Necromancy


You had 8 spell levels left.
You knew the following spells:

 Your Spells              Type           Power        Failure   Level  Hunger
a - Dazzling Spray        Conj/Hex       ####..       3%          3    #......
b - Ensorcelled Hibernat  Hex/Ice        ####..       1%          2    None
c - Tukima's Dance        Hex            #####...     1%          3    #......
d - Confuse               Hex            #####...     1%          3    #......
e - Corona                Hex            #####..      1%          1    None
f - Vampiric Draining     Necr           ###.......   9%          3    #......

Your spell library contained the following spells:

 Spells                   Type           Power        Failure   Level  Hunger
 Animate Skeleton         Necr           N/A          3%          1    None
 Pain                     Necr           ###.         3%          1    None
 Regeneration             Chrm/Necr      ##........   16%         3    #......
 Animate Dead             Necr           N/A          30%         4    ###....


Dungeon Overview and Level Annotations

Branches:
Dungeon (8/15)             Temple (1/1) D:7
   Lair: D:8-11

Altars:
Dithmenos
Fedhas
Gozag
Hepliaklqana
Kikubaaqudgha
Makhleb
Nemelex Xobeh
Okawaru
Ru
Sif Muna
Trog
Uskayaw
Vehumet
Wu Jian
Xom
Yredelemnul

Shops:
D:4 *   D:7 }

Annotations:
D:6 Sigmund
D:8 Harold


Innate Abilities, Weirdness & Mutations

You are very small and have problems with some larger weapons.
You are too small for most types of armour.
You have supernaturally acute eyesight. (SInv)
You are a herbivore.
You cover ground extremely quickly.
You need to consume almost no food.


Message History

Confirm with . or Enter, or press ? or * to list all spells.
Aiming: Ensorcelled Hibernation (safe; 1% risk of failure)
Press: ? - help, Shift-Dir - straight line, f - two-headed ogre
Aim: a two-headed ogre, wielding a +0 giant club and a +0 dire flail (lightly wounded, chance to defeat MR: 37%)
The two-headed ogre looks drowsy...
The centaur shoots an arrow.
The arrow closely misses you.
Harold throws a throwing net.
The throwing net misses you.
The helpless two-headed ogre fails to defend itself.
You stick the two-headed ogre like a pincushion!!!
The two-headed ogre looks as sick as possible!
The two-headed ogre is almost dead.
You kill the two-headed ogre!
Kikubaaqudgha accepts your kill.
Your Necromancy skill increases to level 2!
The centaur shoots an arrow.
The arrow hits you.
* * * LOW HITPOINT WARNING * * *
Harold throws a throwing net.
The throwing net barely misses you.
The centaur shoots an arrow.
The arrow hits you!
You die...
Kikubaaqudgha rasps: "You have failed me!
Welcome... death!"

. ..## ../.#
#####
#....###...#####
#.....#...#...##
##....c#........#
#.....@...%.....#
.......#((@....#
.......####....#
...##.. ..)## ..
#.. ...# # #..
..## ### ###


You could see Harold and a centaur.

Vanquished Creatures
  A two-headed ogre (D:8)
  Grinder (D:6)
  Menkaure (D:6)
  Edmund (D:6)
  3 ice beasts
  4 ogres
  3 centaurs
  3 bullfrogs
  A scorpion (D:4)
  5 killer bees (D:7)
  3 hounds
  2 crimson imps (D:6)
  3 orc priests
  An iguana (D:6)
  3 worker ants
  5 orc wizards
  A hound skeleton (D:7)
  A hound zombie (D:6)
  11 adders
  An ooze (D:7)
  An adder skeleton (D:5)
  A worm (D:4)
  4 dart slugs
  7 leopard geckos
  22 orcs
  4 ball pythons
  7 bats
  8 giant cockroaches
  14 goblins
  7 hobgoblins
  3 jackals (D:6)
  10 kobolds
  3 quokkas
  9 frilled lizards
  3 leopard gecko skeletons (D:4)
  6 rats
163 creatures vanquished.

Vanquished Creatures (collateral kills)
  An orc (D:3)
1 creature vanquished.

Grand Total: 164 creatures vanquished

Notes
Turn   | Place    | Note
-------+----------+-------------------------------------------
     0 | D:1      | Gynju the Spriggan Enchanter began the quest for the Orb.
     0 | D:1      | Reached XP level 1. HP: 9/9 MP: 5/5
   440 | D:1      | Reached XP level 2. HP: 12/13 MP: 6/6
   444 | D:1      | Learned a level 2 spell: Ensorcelled Hibernation
   534 | D:1      | Reached skill level 5 in Stealth
  1043 | D:1      | Reached XP level 3. HP: 11/16 MP: 5/8
  1051 | D:1      | Learned a level 3 spell: Tukima's Dance
  1884 | D:2      | Reached XP level 4. HP: 19/21 MP: 5/10
  2167 | D:2      | Reached skill level 6 in Stealth
  2724 | D:3      | Reached skill level 5 in Hexes
  3185 | D:3      | Reached XP level 5. HP: 23/24 MP: 11/11
  3409 | D:3      | Reached skill level 7 in Stealth
  3621 | D:3      | Learned a level 3 spell: Confuse
  3625 | D:3      | Learned a level 3 spell: Dazzling Spray
  4086 | D:3      | Reached XP level 6. HP: 28/28 MP: 10/13
  4585 | D:4      | Found a burning altar of Makhleb.
  4606 | D:4      | Reached skill level 8 in Stealth
  5092 | D:4      | Reached XP level 7. HP: 32/32 MP: 12/15
  5585 | D:4      | Reached skill level 9 in Stealth
  5585 | D:4      | Reached skill level 5 in Spellcasting
  6221 | D:4      | Found Tozxiwn's Assorted Antiques.
  6270 | D:5      | Entered Level 5 of the Dungeon
  6331 | D:5      | Found a basalt altar of Yredelemnul.
  6768 | D:5      | Reached skill level 10 in Stealth
  7009 | D:6      | Reached XP level 8. HP: 35/36 MP: 8/17
  7097 | D:6      | Found an opulent altar of Gozag.
  7097 | D:6      | Noticed Menkaure
  7114 | D:6      | Killed Menkaure
  7181 | D:6      | Noticed Edmund
  7191 | D:6      | Killed Edmund
  7440 | D:6      | Got an ivory rapier
  7442 | D:6      | Identified the +10 rapier of Midsummer {venom, rPois rF-
                  | Dex+2} (You found it on level 6 of the Dungeon)
  7480 | D:6      | Reached skill level 11 in Stealth
  7535 | D:6      | Noticed Grinder
  7542 | D:6      | Killed Grinder
  7576 | D:6      | Found a radiant altar of Vehumet.
  7576 | D:6      | Found a blossoming altar of Fedhas.
  7754 | D:6      | Noticed Sigmund
  7825 | D:6      | Reached skill level 12 in Stealth
  7974 | D:6      | Reached XP level 9. HP: 39/39 MP: 20/20
  8501 | D:7      | Learned a level 3 spell: Vampiric Draining
  8684 | D:7      | Reached skill level 1 in Necromancy
  8690 | D:7      | Reached skill level 10 in Hexes
  8898 | D:7      | Found Xorac's Gadget Shoppe.
  8945 | D:7      | Found a staircase to the Ecumenical Temple.
  9245 | Temple   | Entered the Ecumenical Temple
  9347 | Temple   | Became a worshipper of Kikubaaqudgha
  9736 | D:8      | Noticed Harold
  9739 | D:8      | Noticed a two-headed ogre
  9744 | D:8      | Killed a two-headed ogre
  9745 | D:8      | Shot with an arrow by a centaur

Levels and vault maps discovered:
D:1:      dpeg_arrival_arbitrary_a, layout_basic, chequers_mini_garden,
          minmay_misc_feat_four_crosses, minivault_11
D:2:      layout_basic
D:3:      layout_basic
D:4:      layout_rooms, nicolae_overflow_crystal_walls, serial_shops,
          nicolae_shop_behind_doors, first_ration, corexii_checkpoint_b
D:5:      layout_layer_cave, minmay_misc_feat_plants, yredelemnul_altar_generic
D:6:      minmay_opposing_rooms, layout_basic,
          gammafunk_temple_overflow_elements, basic_altar, uniq_sigmund,
          uniq_grinder, uniq_menkaure, uniq_edmund
D:7:      layout_loops_ring, lemuel_temple_firewalk_a, serial_shops,
          kennysheep_mini
D:8:      layout_cave_pools, grunt_temple_overflow_open, lair_entry_dummy,
          grunt_pizzeria, minmay_statues_item, minmay_quadrilaterals,
          uniq_harold
Temple:   bh_familiar_temple

Skill      XL: |  1  2  3  4  5  6  7  8  9 |
---------------+----------------------------+-----
Hexes          | 4 5 6 7 9 10 | 10.6
Stealth        | 5 6 7 8 10 12 | 12.8
Spellcasting   | 3 4 5 6 7 |  7.6
Necromancy     | 2 |  2.8
Short Blades   | |  1.1
Dodging        | |  3.0

Action                   |  1- 3 |  4- 6 |  7- 9 || total
-------------------------+-------+-------+-------++-------
Melee: Dagger            |   107 |   145 |   134 ||   386
       Rapier            |       |       |    71 ||    71
 Cast: Corona            |     1 |       |       ||     1
       Ensorcelled Hiber |    22 |    66 |    50 ||   138
       Tukima's Dance    |       |     1 |       ||     1
       Confuse           |       |       |     6 ||     6
  Use: Scroll            |       |     8 |     9 ||    17
 Stab: Sleeping          |    26 |    41 |    41 ||   108
       Confused          |       |       |     7 ||     7
  Eat: Ration            |       |     2 |     3 ||     5
Armor: Robe              |    10 |     8 |    36 ||    54
Dodge: Dodged            |   107 |   138 |   163 ||   408

Table legend:
 A = Non-vault XP
 B = Vault XP
 C = Vault XP percentage of total XP
 D = Non-vault monster count
 E = Vault monster count
 F = Vault count percentage of total count
                 A         B        C        D         E       F
            +---------+---------+-------+---------+---------+-------
      Total |    3301 |    1162 |  26.0 |     151 |      13 |   7.9
            +---------+---------+-------+---------+---------+-------
        D:1 |      51 |       0 |   0.0 |      27 |       0 |   0.0
        D:2 |     103 |       0 |   0.0 |      25 |       0 |   0.0
        D:3 |     270 |       0 |   0.0 |      38 |       0 |   0.0
        D:4 |     611 |       3 |   0.5 |      19 |       2 |   9.5
        D:5 |     387 |       0 |   0.0 |      11 |       0 |   0.0
        D:6 |     277 |    1159 |  80.7 |      12 |      11 |  47.8
        D:7 |     720 |       0 |   0.0 |      18 |       0 |   0.0
        D:8 |     882 |       0 |   0.0 |       1 |       0 |   0.0
            +---------+---------+-------+---------+---------+-------
